 Dungeon Crawl Stone Soup version 0.21-a0-1-gaf3b9a5 (webtiles) character file.

7310 Gorglomux the Cleaver (level 11, -26/84 HPs)
             Began as a Barachi Fighter on May 20, 2017.
             Was a Believer of Qazlal.
             Killed from afar by Maurice (30 damage)
             ... with a wand of lightning (?/15)
             ... on level 9 of the Dungeon.
             The game lasted 00:12:59 (8766 turns).

Gorglomux the Cleaver (Barachi Fighter)             Turns: 8766, Time: 00:12:59

Health: -26/84     AC:  9    Str: 17    XL:     11   Next: 13%
Magic:  11/11      EV: 19    Int: 13    God:    Qazlal [**....]
Gold:   589        SH: 14    Dex: 20    Spells: 10/10 levels left

rFire    . . .     SeeInvis .   a - +0 war axe
rCold    . . .     Gourm    .   c - +0 shield
rNeg     . . .     Faith    .   E - +0 ring mail "Juydwuph" {+Fly Int+4 Slay+5}
rPois    .         Spirit   .   e - +0 helmet
rElec    .         Reflect  .   k - +0 cloak
rCorr    .         Harm     .   (no gloves)
MR       +....                  (no boots)
Stlth    ++........             (no amulet)
Regen    0.3/turn               o - +2 ring of slaying
MPRegen  0.2/turn               B - ring of protection from magic {MR+, !d}

@: agile, can't hop, slow
A: +LOS, swims, slowness 1, strong legs 1
a: Hop, Upheaval, Renounce Religion, Evoke Flight


You were on level 9 of the Dungeon.
You worshipped Qazlal.
Qazlal was pleased with you.
You were not hungry.

You visited 2 branches of the dungeon, and saw 10 of its levels.

You collected 589 gold pieces.

Inventory:

Hand Weapons
 a - a +0 war axe (weapon)
 O - a +0 war axe
   (You found it on level 8 of the Dungeon)
Missiles
 P - 5 curare-tipped needles
Armour
 b - a +0 scale mail
 c - a +0 shield (worn)
 e - a +0 helmet (worn)
   (You found it on level 1 of the Dungeon)
 k - a +0 cloak (worn)
   (You found it on level 3 of the Dungeon)
 E - the +0 ring mail "Juydwuph" (worn) {+Fly Int+4 Slay+5}
   (You found it on level 5 of the Dungeon)

   It affects your intelligence (+4).
   It affects your accuracy and damage with ranged weapons and melee attacks
   (+5).
   It lets you fly.
Jewellery
 o - a +2 ring of slaying (left hand)
   (You found it on level 2 of the Dungeon)
 s - an uncursed ring of protection from cold {rC+, !d}
   (You found it on level 2 of the Dungeon)
 A - an uncursed ring of protection from cold {rC+, !d}
   (You found it on level 4 of the Dungeon)
 B - a ring of protection from magic (right hand) {MR+, !d}
   (You found it on level 4 of the Dungeon)
 L - an uncursed ring of stealth {Stlth+}
   (You found it on level 7 of the Dungeon)
Wands
 d - a wand of flame (6/48)
   (You found it on level 6 of the Dungeon)
 q - a wand of flame (0/48)
   (You found it on level 2 of the Dungeon)
 D - a wand of flame (15/48)
   (You found it on level 5 of the Dungeon)
 J - a wand of random effects (7/48)
   (You found it on level 7 of the Dungeon)
 N - a wand of random effects (28/48)
   (You found it on level 8 of the Dungeon)
Scrolls
 l - a scroll of immolation {!r}
 n - a scroll of enchant armour {unknown}
 r - a scroll of recharging
 w - 4 scrolls of teleportation
 x - 2 scrolls of remove curse
 y - a scroll of amnesia {unknown}
 C - a scroll of enchant weapon {unknown}
 G - 2 scrolls of fog
 H - a scroll of blinking {unknown}
Potions
 h - 3 potions of brilliance
 i - a potion of mutation {!q}
 j - 4 potions of curing
 p - 2 potions of flight
 t - a potion of experience {unknown}
 u - a potion of lignification {unknown}
 v - 3 potions of heal wounds {unknown}
 z - a potion of berserk rage {unknown}
 K - 2 potions of agility
Comestibles
 f - 7 bread rations {@e1}
 g - 6 meat rations {@e2}
 m - 5 royal jellies
 M - 5 fruits


   Skills:
 - Level 7.0 Fighting
 * Level 12.6 Axes
 + Level 8.4 Armour
 + Level 7.1 Dodging
 + Level 7.5 Shields


You had 10 spell levels left.
You didn't know any spells.

Dungeon Overview and Level Annotations

Branches:
Dungeon (9/15)             Temple (1/1) D:6
   Lair: D:8-11         Orc: D:9-12

Altars:
Ashenzari
Cheibriados
Dithmenos
Elyvilon
Fedhas
Gozag
Hepliaklqana
Kikubaaqudgha
Makhleb
Nemelex Xobeh
Okawaru
Qazlal
Ru
Sif Muna
Trog
Uskayaw
Vehumet
Wu Jian
Xom
Yredelemnul
Zin
The Shining One

Shops:
D:3 *

Annotations:
D:9 Maurice


Innate Abilities, Weirdness & Mutations

Shadows flee at your approach. (+LOS)
You can swim through water.
You cover ground slowly.
You can hop short distances.


Message History

There is a large open door here.
A troll comes into view.
The troll shouts!
A troll is nearby!
A troll is nearby!
A troll is nearby!
A troll is nearby!
You swing at nothing.
You swing at nothing.
You slice the troll!! The troll bites you! The troll claws you.
The troll barely misses you.
You slash the troll! You block the troll's attack. x2
The troll claws you but does no damage.
You slice the troll!!
You kill the troll!
Qazlal accepts your kill.
A centaur zombie comes into view.
A centaur zombie is nearby!
A steam dragon comes into view.
The steam dragon hisses angrily.
The centaur zombie closely misses you.
The centaur zombie hits you but does no damage.
Found an escape hatch in the floor.
You slice the centaur zombie!! You block the centaur zombie's attack.
Maurice the Thief comes into view.
He is wielding a short sword.
Maurice shouts!
You hit the centaur zombie but do no damage.
The centaur zombie hits you.
You slash the centaur zombie!
You destroy the centaur zombie!
Qazlal accepts your kill.
Okay, then.
Put on which piece of jewellery? (? for menu, Esc to quit)
You're wearing all the rings you can.
Remove which one? (? for menu, Esc to cancel) < or
o - a +2 ring of slaying > or
B - a ring of protection from magic {MR+, !d} You remove your +2 ring of slaying.
L - a ring of stealth (left hand) Put on which piece of jewellery? (? for menu, Esc to quit)
You're wearing all the rings you can.
Remove which one? (? for menu, Esc to cancel) < or
L - a ring of stealth {Stlth+} > or
B - a ring of protection from magic {MR+, !d} You remove your ring of stealth {Stlth+}.
o - a +2 ring of slaying (left hand)
The steam dragon breathes steam at you. The ball of steam hits you!
You slash the steam dragon!
Maurice says, "Lost something?"
The steam dragon misses you.
The steam dragon claws you but does no damage.
You slash the steam dragon! The steam dragon barely misses you.
The steam dragon misses you.
All of the chunks of flesh in your inventory have rotted away.
Unknown command.
You hit the steam dragon. You hit Maurice but do no damage.
Maurice zaps a wand.
The bolt of lightning hits you!
It is a wand of lightning (?/15).
The steam dragon breathes steam at you. The ball of steam hits you!
You are too injured to fight recklessly!
Unknown command.
You are too injured to fight recklessly!
You are too injured to fight recklessly!
You slash the steam dragon!
You kill the steam dragon!
Qazlal accepts your kill.
The steam dragon scales are intact enough to wear.
You hit Maurice. You block Maurice's attack.
You barely miss Maurice.
Maurice mumbles some strange words.
Maurice puts on a burst of speed!
You hit Maurice but do no damage.
Maurice gestures wildly while chanting.
Maurice flickers and vanishes!
Deactivating autopickup; reactivate with Ctrl-A.
You barely miss something. Something barely misses you.
You closely miss something.
You hear a zap.
A bolt of lightning appears from out of thin air!
The bolt of lightning hits you!
* * * LOW HITPOINT WARNING * * *
Unknown command.
You slash something! Something hits you.
* * * LOW HITPOINT WARNING * * *
Something steals your book of Conjurations!
You miss something.
You hear a zap.
A bolt of lightning appears from out of thin air!
The bolt of lightning hits you!
* * * LOW HITPOINT WARNING * * *
Hop to where?
Boing!
It was a potion of agility.
You feel agile all of a sudden.
You hear a zap.
A bolt of lightning appears from out of thin air!
The bolt of lightning hits you!
You die...

.............# ....##########
.............# ..............
.............# .........###..
.>..........# ..............
............# ..............
........{...# ..............
###....[.§..######+#.........
...................#....###..
.......(...§@......#....# #..
........................#####
.....##...................[##
..... #...................)).
.... #............#.......).
.... ..........###.#.........
....#......###+#.###.....
....#......#...........## ...
#......#...........##


There were no monsters in sight!

Vanquished Creatures
  2 two-headed ogres
  The ghost of ThereIsNoGod the Cleaver, a novice GrGl of Makhleb (D:6)
  A troll (D:9)
  A hippogriff (D:8)
  A human (D:5)
  A steam dragon (D:9)
  6 yaks (D:6)
  Menkaure (D:3)
  Duvessa (D:4)
  A water moccasin (D:7)
  An ice beast (D:5)
  2 orc warriors (D:9)
  3 sky beasts
  4 ogres
  A necrophage (D:8)
  4 phantoms
  3 centaurs
  A crocodile (D:9)
  7 bullfrogs
  Blork the orc (D:5)
  Dowan (D:4)
  2 scorpions (D:4)
  3 killer bees (D:8)
  2 electric eels (D:6)
  2 howler monkeys
  4 bullfrog zombies
  2 centaur zombies
  4 crimson imps
  A quasit (D:7)
  A jelly (D:5)
  An orc priest (D:3)
  4 hounds
  Natasha (thrice) (D:4)
  2 iguanas
  7 orc wizards
  3 worker ants
  3 worker ant zombies
  Robin (D:2)
  4 gnolls (D:5)
  A howler monkey zombie (D:9)
  A howler monkey skeleton (D:5)
  9 adders
  2 shadow imps
  A worm zombie (D:4)
  4 adder skeletons
  An adder zombie (D:5)
  A worm (D:3)
  5 dart slugs
  10 leopard geckos
  23 orcs
  14 bats
  6 giant cockroaches
  19 goblins
  11 hobgoblins
  15 jackals
  8 kobolds
  8 quokkas
  4 ball pythons
  8 frilled lizards
  2 jackal zombies
  A kobold zombie (D:5)
  7 rats
  2 plants (D:1)
256 creatures vanquished.

Notes
Turn   | Place    | Note
-------+----------+-------------------------------------------
     0 | D:1      | Gorglomux the Barachi Fighter began the quest for the Orb.
     0 | D:1      | Reached XP level 1. HP: 18/18 MP: 1/1
    55 | D:1      | Reached XP level 2. HP: 25/25 MP: 2/2
    82 | D:1      | Reached skill level 3 in Axes
   237 | D:1      | Reached XP level 3. HP: 27/30 MP: 3/3
   431 | D:1      | Reached skill level 4 in Fighting
   850 | D:2      | Reached skill level 4 in Axes
   917 | D:2      | Reached XP level 4. HP: 35/37 MP: 4/4
  1067 | D:2      | Found a shimmering altar of Xom.
  1098 | D:2      | Noticed Robin
  1120 | D:2      | Killed Robin
  1637 | D:2      | Reached XP level 5. HP: 40/43 MP: 5/5
  1825 | D:3      | Noticed a phantom
  1862 | D:3      | HP: 8/43 [phantom (5)]
  1864 | D:3      | HP: 1/43 [phantom (6)]
  1997 | D:3      | Killed a phantom
  1997 | D:3      | Reached skill level 5 in Fighting
  1997 | D:3      | Reached skill level 5 in Axes
  2253 | D:3      | Reached XP level 6. HP: 29/51 MP: 6/6
  2435 | D:3      | Noticed a phantom
  2453 | D:3      | Killed a phantom
  2453 | D:3      | Reached skill level 6 in Axes
  2497 | D:3      | Found Gozag's Platinum Reserve.
  2503 | D:3      | Found an opulent altar of Gozag.
  2655 | D:3      | Reached skill level 6 in Fighting
  2873 | D:4      | Noticed Menkaure
  2890 | D:4      | Reached XP level 7. HP: 47/58 MP: 7/7
  2920 | D:4      | Noticed Duvessa
  2943 | D:4      | Killed Duvessa
  2943 | D:4      | Reached skill level 7 in Axes
  3287 | D:4      | Noticed Dowan
  3291 | D:4      | Killed Dowan
  3310 | D:4      | Found a shadowy altar of Dithmenos.
  3496 | D:4      | Reached skill level 7 in Fighting
  3496 | D:4      | Reached skill level 8 in Axes
  3496 | D:4      | Reached XP level 8. HP: 54/67 MP: 8/8
  3620 | D:4      | Noticed Natasha
  3627 | D:4      | Killed Natasha
  3648 | D:3      | Killed Menkaure
  3648 | D:3      | Reached skill level 1 in Dodging
  3824 | D:4      | Reached skill level 4 in Armour
  4034 | D:4      | Noticed Natasha
  4039 | D:4      | Killed Natasha
  4086 | D:4      | Noticed Natasha
  4094 | D:4      | Killed Natasha
  4227 | D:5      | Entered Level 5 of the Dungeon
  4241 | D:5      | Reached skill level 9 in Axes
  4241 | D:5      | Reached skill level 2 in Dodging
  4241 | D:5      | Reached skill level 4 in Shields
  4314 | D:5      | HP: 15/67 [gnoll/spear (3)]
  4782 | D:5      | Noticed Blork the orc
  4787 | D:5      | Killed Blork the orc
  4877 | D:5      | Reached skill level 5 in Armour
  4877 | D:5      | Reached skill level 3 in Dodging
  4877 | D:5      | Reached XP level 9. HP: 69/72 MP: 9/9
  4881 | D:5      | Got a fine ring mail
  4892 | D:5      | Identified the cursed +0 ring mail "Juydwuph" {+Fly Int+4 Slay+5} (You found it on level 5 of the Dungeon)
  4943 | D:5      | Found a runed door.
  4958 | D:5      | Found a basalt altar of Yredelemnul.
  5254 | D:6      | Found a shattered altar of Ashenzari.
  5257 | D:6      | Noticed ThereIsNoGod's ghost (novice GrGl)
  5267 | D:5      | Reached skill level 10 in Axes
  5437 | D:6      | Killed ThereIsNoGod's ghost
  5437 | D:6      | Reached skill level 4 in Dodging
  5437 | D:6      | Reached skill level 5 in Shields
  5665 | D:6      | Reached skill level 6 in Armour
  5769 | D:6      | HP: 17/72 [yak (3)]
  5774 | D:6      | Reached skill level 11 in Axes
  5777 | D:6      | HP: 18/72 [yak (11)]
  5780 | D:6      | Reached skill level 5 in Dodging
  5780 | D:6      | Reached skill level 6 in Shields
  5780 | D:6      | Reached XP level 10. HP: 12/79 MP: 10/10
  5785 | D:6      | HP: 8/79 [yak (6)]
  6126 | D:6      | Found a staircase to the Ecumenical Temple.
  6133 | Temple   | Entered the Ecumenical Temple
  6252 | Temple   | Became a worshipper of Qazlal Stormbringer
  6655 | D:6      | Reached skill level 7 in Armour
  7426 | D:8      | Reached * piety under Qazlal
  7464 | D:8      | Noticed a two-headed ogre
  7474 | D:8      | Killed a two-headed ogre
  7786 | D:8      | Reached skill level 6 in Dodging
  7977 | D:8      | Reached skill level 12 in Axes
  8177 | D:8      | Reached skill level 7 in Shields
  8198 | D:9      | Noticed a two-headed ogre
  8215 | D:9      | Killed a two-headed ogre
  8215 | D:9      | Reached skill level 8 in Armour
  8431 | D:9      | Reached XP level 11. HP: 82/84 MP: 11/11
  8445 | D:9      | Reached ** piety under Qazlal
  8544 | D:9      | Reached skill level 7 in Dodging
  8748 | D:9      | Noticed Maurice
  8763 | D:9      | HP: 19/84 [something (4)]
  8764 | D:9      | HP: 3/84 [something/wand of lightning (?/15) (16)]
  8766 | D:9      | Killed from afar by Maurice

Vault maps used:
D:1:      roderic_crossed_star, serial_forest, infiniplex_forest_lined_room_3,
          infiniplex_forest_clump_cross, infiniplex_forest_clump_C,
          infiniplex_forest_lined_2, infiniplex_forest_clump_double
D:2:      kb_forest_paths, xom_teletrap_fun, uniq_robin
D:3:      first_bread, nicolae_gozag_zags_fifth_avenue
D:4:      enter_ossuary_3, nicolae_dithmenos_shadow_blocks, uniq_menkaure,
          uniq_natasha, uniq_duvessa
D:5:      dk_yredelemnul_ordeal, uniq_blork_the_orc
D:6:      gammafunk_steamed_eel, nicolae_ashenzari_panopticon,
          minmay_temple_entry_junction
D:8:      hangedman_abyss_or_decor_stabs
D:9:      nicolae_qazlal_general_emergency, uniq_maurice
Temple:   kilobyte_greek_temple

Skill      XL: |  1  2  3  4  5  6  7  8  9 10 11 |
---------------+----------------------------------+-----
Axes           | 3 4 5 6 8 9 11 12 | 12.6
Fighting       | 4 5 6 7 |  7.0
Dodging        | 3 5 6 7 |  7.1
Armour         | 5 6 8 |  8.4
Shields        | 4 6 7 |  7.5

Action                   |  1- 3 |  4- 6 |  7- 9 | 10-12 || total
-------------------------+-------+-------+-------+-------++-------
Melee: War axe           |   147 |   209 |   283 |   207 ||   846
 Abil: Hop               |       |       |     1 |     2 ||     3
Evoke: Wand              |       |     9 |       |     9 ||    18
  Use: Potion            |       |       |     3 |     1 ||     4
       Scroll            |       |       |       |     9 ||     9
  Eat: Chunk             |     1 |     7 |    10 |    11 ||    29
Armor: Scale mail        |    58 |    99 |    43 |       ||   200
       Ring mail         |       |       |    35 |    42 ||    77
Dodge: Dodged            |    49 |    65 |    87 |    76 ||   277
Block: Shield            |    60 |   110 |   129 |   115 ||   414

Vault maps used:
D:1:      roderic_crossed_star, serial_forest, infiniplex_forest_lined_room_3,
          infiniplex_forest_clump_cross, infiniplex_forest_clump_C,
          infiniplex_forest_lined_2, infiniplex_forest_clump_double
D:2:      kb_forest_paths, xom_teletrap_fun, uniq_robin
D:3:      first_bread, nicolae_gozag_zags_fifth_avenue
D:4:      enter_ossuary_3, nicolae_dithmenos_shadow_blocks, uniq_menkaure,
          uniq_natasha, uniq_duvessa
D:5:      dk_yredelemnul_ordeal, uniq_blork_the_orc
D:6:      gammafunk_steamed_eel, nicolae_ashenzari_panopticon,
          minmay_temple_entry_junction
D:8:      hangedman_abyss_or_decor_stabs
D:9:      nicolae_qazlal_general_emergency, uniq_maurice
Temple:   kilobyte_greek_temple

Table legend:
 A = Turns spent in this place as a percentage of turns spent in the entire game.
 B = Non-inter-level travel turns spent in this place as a percentage of non-inter-level travel turns spent in the entire game.
 C = Inter-level travel turns spent in this place as a percentage of turns spent in this place.
 D = Turns resting spent in this place as a percentage of non-inter-level travel turns spent in this place.
 E = Turns spent auto-exploring this place as a percentage of non-inter-level travel turns spent in this place.
 F = Non-inter-level travel turns spent in this place divided by the number of levels of this place that you've seen.
                   A       B       C       D       E      F
               +-------+-------+-------+-------+-------+----------------------
         Total | 100.0 | 100.0 |   0.4 |   2.0 |   8.3 | 289.7
       Dungeon |  99.2 |  99.2 |   0.4 |   2.0 |   8.2 | 319.3
        Temple |   0.8 |   0.8 |   4.2 |   0.0 |  17.4 |  23.0
               +-------+-------+-------+-------+-------+----------------------

Table legend:
 A = Kills in this place as a percentage of kills in entire the game.
 B = Kills by you in this place as a percentage of kills by you in the entire game.
 C = Kills by friends in this place as a percentage of kills by friends in the entire game.
 D = Other kills in this place as a percentage of other kills in the entire game.
 E = Experience gained in this place as a percentage of experience gained in the entire game.
 F = Experience gained in this place divided by the number of levels of this place that you have seen.
                   A       B       C       D       E      F
               +-------+-------+-------+-------+-------+----------------------
         Total | 100.0 | 100.0 |  -nan |  -nan | 100.0 | 1044.3
       Dungeon | 100.0 | 100.0 |  -nan |  -nan | 100.0 | 1160.3
               +-------+-------+-------+-------+-------+----------------------
